 Dungeon Crawl Stone Soup version 0.24.0-123-gd5b16e6ec5 (webtiles) character file.

Game seed: 6348014406800639095, levelgen mode: deterministic

345 Curus the Spear-Bearer (level 6, -2/66 HPs)
             Began as a Merfolk Gladiator on Dec 16, 2019.
             Was an Initiate of Yredelemnul.
             Slain by an ogre
             ... wielding a +0 giant club
              (10 damage)
             ... on level 7 of the Dungeon.
             The game lasted 00:09:33 (2876 turns).

Curus the Spear-Bearer (Merfolk Gladiator)          Turns: 2876, Time: 00:09:33

Health: -2/66      AC: 23    Str: 11 (14) XL:     6   Next: 58%
Magic:  6/6        EV:  2    Int:  7 (8)  God:    Yredelemnul [......]
Gold:   194        SH:  0    Dex: 14 (17) Spells: 5/5 levels left

rFire    . . .     SeeInvis .   a - +0 trident
rCold    . . .     Gourm    .   (no shield)
rNeg     + + +     Faith    .   (armour currently unavailable)
rPois    +         Spirit   .   (helmet currently unavailable)
rElec    .         Reflect  .   (cloak currently unavailable)
rCorr    .         Harm     +   (gloves currently unavailable)
MR       .....     NoTele   +   (boots currently unavailable)
Stlth    +.........             h - amulet of harm
HPRegen  0.21/turn              (no ring)
MPRegen  0.10/turn              (no ring)

@: tree-form
A: (change form in water), (swift swim), (stealthy swim)
a: Renounce Religion


You were on level 7 of the Dungeon.
You worshipped Yredelemnul.
Yredelemnul was noncommittal.
You were hungry.
You were a tree.
You visited 2 branches of the dungeon, and saw 6 of its levels.

You collected 194 gold pieces.

Inventory:

Hand Weapons
 a - a +0 trident (weapon)
Missiles
 d - 3 throwing nets (quivered)
Armour
 b - a +0 leather armour (melded)
 c - a +1 helmet (melded)
 l - a +0 cloak (melded)
Jewellery
 h - an amulet of harm (around neck)
Scrolls
 e - 4 scrolls of identify
 g - 2 scrolls of teleportation
 i - 2 scrolls of remove curse
 n - a scroll of enchant armour
Potions
 j - a potion of curing
 k - a potion of heal wounds
 m - a potion of lignification
Comestibles
 f - 9 rations


   Skills:
 - Level 2.1 Fighting
 + Level 10.2 Polearms
 - Level 2.0 Throwing
 - Level 4.0 Dodging


You had 5 spell levels left.
You didn't know any spells.
Your spell library was empty.

Dungeon Overview and Level Annotations

Branches:
Dungeon (4/15)             Temple (1/1) D:4

Altars:
Ashenzari
Cheibriados
Dithmenos
Fedhas
Gozag
Qazlal
Sif Muna
Vehumet
Wu Jian
Xom
Yredelemnul


Message History

You closely miss the ogre.
The ogre is heavily wounded.
You hit the ogre.
The ogre is heavily wounded.
The ogre hits you with a +0 giant club.
You hit the ogre.
The ogre is heavily wounded.
The ogre hits you with a +0 giant club!!
Ouch! That really hurt!
* * * LOW HITPOINT WARNING * * *
Really quaff the potion of lignification?
You turn into a tree.
Your +0 cloak melds into your body.
Your +1 helmet melds into your body.
Your +0 leather armour melds into your body.
Your roots penetrate the ground.
You completely miss the ogre.
The ogre is heavily wounded.
The ogre hits you with a +0 giant club!
You die...
Your body rises from the dead as a mindless zombie.

. .. ... ##....
###......
...#####.h......
........♣O.....#
####...........#
##...........
#......?....
#............
#............
..........!..
..............


You could see an ogre and a hound.

Vanquished Creatures
  An ogre (D:3)
  A scorpion (D:4)
  Jessica (D:2)
  A worker ant (D:4)
  Robin (D:2)
  A gnoll (D:1)
  4 adders
  An ooze (D:3)
  3 worms
  3 dart slugs
  2 leopard geckos
  5 orcs (D:3)
  A ball python (D:4)
  9 bats
  12 hobgoblins
  6 jackals (D:3)
  10 kobolds
  3 frilled lizards
  11 goblins
  10 rats
86 creatures vanquished.

Notes
Turn   | Place    | Note
-------+----------+-------------------------------------------
     0 | D:1      | Curus the Merfolk Gladiator began the quest for the Orb.
     0 | D:1      | Reached XP level 1. HP: 16/16 MP: 1/1
    73 | D:1      | Reached skill level 5 in Polearms
    89 | D:1      | Reached XP level 2. HP: 14/22 MP: 2/2
   655 | D:1      | Reached skill level 6 in Polearms
   655 | D:1      | Reached XP level 3. HP: 27/27 MP: 3/3
   906 | D:2      | Found a faded altar of an unknown god.
   978 | D:2      | Noticed Jessica
   986 | D:2      | Killed Jessica
   986 | D:2      | Reached skill level 7 in Polearms
   986 | D:2      | Reached XP level 4. HP: 26/33 MP: 4/4
  1291 | D:2      | Noticed Robin
  1303 | D:2      | Killed Robin
  1492 | D:3      | Reached skill level 8 in Polearms
  1494 | D:3      | Reached XP level 5. HP: 15/38 MP: 5/5
  1691 | D:3      | Noticed an ogre
  1699 | D:3      | Killed an ogre
  1699 | D:3      | Reached skill level 9 in Polearms
  1979 | D:3      | Reached XP level 6. HP: 44/44 MP: 6/6
  2329 | D:3      | Found an opulent altar of Gozag.
  2767 | D:4      | Found a staircase to the Ecumenical Temple.
  2779 | Temple   | Entered the Ecumenical Temple
  2790 | Temple   | Became a worshipper of Yredelemnul the Dark
  2839 | D:4      | Reached skill level 10 in Polearms
  2867 | D:4      | You fall into a shaft and drop 3 floors!
  2876 | D:7      | Slain by an ogre

Levels and vault maps discovered:
D:1:      evilmike_arrival_crescent, layout_loops_ring, kennysheep_crisscross
D:2:      minmay_evil_eye, layout_loops_ring, first_ration,
          chequers_ecumenical_altar_simple_redux, uniq_robin, uniq_jessica
D:3:      layout_rooms, nicolae_gozag_seed_capital
D:4:      layout_loops_ring, temple_green, uniq_crazy_yiuf_cottage
D:7:      layout_layer_cave, serial_shops, kennysheep_mini_moat,
          lemuel_flamethrower_2, uniq_harold
Temple:   grunt_wide_crystal_templ

Skill      XL: |  1  2  3  4  5  6 |
---------------+-------------------+-----
Polearms       | 5 6 7 8 9 10 | 10.2
Fighting       | |  2.1
Throwing       | |  2.0
Dodging        | |  4.0

Action                   |  1- 3 |  4- 6 || total
-------------------------+-------+-------++-------
Melee: Trident           |    82 |   209 ||   291
  Use: Scroll            |     5 |       ||     5
       Potion            |     2 |     5 ||     7
 Stab: Sleeping          |     1 |     3 ||     4
       Distracted        |     1 |       ||     1
  Eat: Chunk             |       |     6 ||     6
Armor: Leather armour    |    21 |    47 ||    68
Dodge: Dodged            |    54 |   113 ||   167
